 Dungeon Crawl Stone Soup version 0.20.1-1-g8b1a95d (webtiles) character file.

18531 tognito the Executioner (level 12, -1/90 HPs)
             Began as a Minotaur Berserker on Oct 7, 2017.
             Was a High Priest of Trog.
             Slain by an orc warrior
             ... wielding a +0 glaive
              (9 damage)
             ... on level 11 of the Dungeon.
             The game lasted 00:27:46 (11739 turns).

tognito the Executioner (Minotaur Berserker)       Turns: 11739, Time: 00:27:46

Health: -1/90      AC: 14    Str: 27    XL:     12   Next: 28%
Magic:  11/11      EV: 10    Int:  4    God:    Trog [*****.]
Gold:   718        SH:  3    Dex: 10    Spells: 11/11 levels left

rFire    x . .     SeeInvis .   a - +3 war axe (freeze)
rCold    + + .     Gourm    .   (no shield)
rNeg     . . .     Faith    .   k - +1 ice dragon scales
rPois    +         Spirit   .   (helmet restricted)
rElec    .         Reflect  +   (no cloak)
rCorr    .         Harm     .   s - +0 pair of gloves
MR       .....                  (no boots)
Stlth    ..........             M - +3 amulet of reflection
Regen    0.3/turn               i - ring of poison resistance
MPRegen  0.2/turn               n - +1 ring of protection

@: lethally poisoned (-1 -> -1), about to teleport
A: retaliatory headbutt, hooves 1, horns 2, shaggy fur 1, subdued magic 1
a: Berserk, Trog's Hand, Brothers in Arms, Burn Spellbooks, Renounce Religion


You were on level 11 of the Dungeon.
You worshipped Trog.
Trog was extremely pleased with you.
You were hungry.

You visited 1 branch of the dungeon, and saw 11 of its levels.
You also visited: Sewer.

You collected 718 gold pieces.

Inventory:

Hand Weapons
 a - a +3 war axe of freezing (weapon)
 b - a +0 shortbow
 o - a +1 battleaxe of holy wrath
Missiles
 y - 48 bolts
 K - 124 arrows
Armour
 k - +1 ice dragon scales (worn)
 s - a +0 pair of gloves (worn)
Jewellery
 i - a ring of poison resistance (left hand)
 n - a +1 ring of protection (right hand)
 D - an uncursed amulet of guardian spirit
 E - an uncursed ring of see invisible {unknown}
 M - a +3 amulet of reflection (around neck)
Wands
 g - a wand of paralysis (11/24)
 B - a wand of lightning (3/15)
 H - a wand of polymorph (8/24)
 L - a wand of flame (36/48)
 N - a wand of polymorph (14/24)
Scrolls
 d - 3 scrolls of teleportation
 f - 9 scrolls of identify
 j - 5 scrolls of fear
 l - 2 scrolls of magic mapping
 m - 2 scrolls of enchant weapon
 p - 2 scrolls of blinking
 x - a scroll of fog
 A - 9 scrolls of remove curse
 G - a scroll of enchant armour
Potions
 e - 9 potions of curing
 r - 6 potions of agility
 t - 2 potions of brilliance
 u - 5 potions of flight
 v - 9 potions of heal wounds
 w - a potion of invisibility
 z - a potion of might
 F - a potion of magic
Miscellaneous
 q - a phial of floods
 C - a lightning rod (3/4)
 I - a lamp of fire
 P - a box of beasts
Comestibles
 c - 13 bread rations
 h - 7 meat rations
 J - 3 royal jellies
 O - 6 fruits


   Skills:
 - Level 3.6 Fighting
 + Level 21.7 Axes
 - Level 2.4 Armour
 - Level 2.1 Dodging
 - Level 1.0 Evocations


You had 11 spell levels left.
You didn't know any spells.

Dungeon Overview and Level Annotations

Branches:
Dungeon (11/15)            Temple (0/1) D:5            Lair (0/6) D:10
    Orc (0/2) D:9

Altars:
Ashenzari
Cheibriados
Kikubaaqudgha
Nemelex Xobeh
Uskayaw

Shops:
D:6 }

Annotations:
D:11 Gastronok


Innate Abilities, Weirdness & Mutations

You reflexively headbutt those who attack you in melee.
You have a pair of horns on your head.
You have large cloven feet.
You are covered in fur. (AC +1)
Your spells are a little easier to cast, but a little less powerful.


Message History

The orc warrior hits you from afar with a glaive!
Gastronok gurgles, "A snack!
A snack!"
Gastronok casts a spell.
Gastronok puts on a burst of speed!
You block the killer bee's attack.
You miss the killer bee. Your kick misses the killer bee.
Your headbutt misses the killer bee.
You feel sick. The killer bee barely misses you. You furiously retaliate!
You headbutt the killer bee!
The orc warrior hits you from afar with a glaive.
You slash the killer bee! You freeze the killer bee.
You kill the killer bee!
Trog accepts your kill.
The killer bee stings you but does no damage.
Gastronok waves his eye-stalks in wide circles.
The air twists around and strikes you!
* * * LOW HITPOINT WARNING * * *
As you read the scroll of teleportation, it crumbles to dust.
You feel strangely unstable. The killer bee closely misses you.
The orc warrior hits you from afar with a glaive!
You die...

(.### .ow.(o######
#(y@...######
######.....†########
######†........
##########


You could see Gastronok, an orc warrior, a killer bee and an orc.

Vanquished Creatures
  Erolcha (D:9)
  4 two-headed ogres
  An unseen horror (D:10)
  2 ugly things (D:11)
  A manticore (D:10)
  An elephant (D:10)
  3 gargoyles (D:11)
  A centaur skeleton (D:11)
  2 trolls (D:11)
  A hornet (D:7)
  Prince Ribbit (D:5)
  6 hippogriffs
  A meliai zombie (D:9)
  22 yaks (D:11)
  A spriggan (D:9)
  A wyvern (D:8)
  A basilisk (D:10)
  Grum (D:9)
  Menkaure (D:6)
  2 water moccasins
  The ghost of NorthaanB the Gusty, an amateur TeAE of Vehumet (D:3)
  An orc warrior (D:11)
  A sky beast (D:6)
  3 ice beasts
  An eye of draining (D:8)
  3 ogres
  4 wolves (D:9)
  2 centaurs
  A crocodile (D:10)
  2 bullfrogs
  A water moccasin zombie (D:10)
  A wyvern zombie (D:6)
  A water moccasin skeleton (D:5)
  5 scorpions
  11 killer bees
  15 wights
  4 crimson imps
  A bullfrog zombie (D:10)
  2 centaur zombies
  A quasit (D:7)
  12 hounds
  8 jellies
  2 orc priests
  An orc wizard (D:11)
  4 bullfrog skeletons
  Ijyb (D:5)
  4 iguanas
  11 worker ants
  A killer bee zombie (D:9)
  2 hound zombies
  A howler monkey zombie (D:6)
  Robin (D:4)
  15 adders
  8 gnolls (D:4)
  7 river rats (Sewer)
  A shadow imp (D:7)
  2 oozes
  An adder zombie (D:6)
  2 adder skeletons
  4 worms
  3 dart slugs
  13 leopard geckos
  22 orcs
  6 ball pythons
  10 giant cockroaches
  13 goblins
  5 hobgoblins
  6 jackals
  2 quokkas
  5 bats
  10 frilled lizards
  A giant cockroach zombie (D:5)
  A jackal zombie (D:7)
  23 kobolds
  A leopard gecko skeleton (D:7)
  A leopard gecko zombie (D:7)
  22 rats
347 creatures vanquished.

Vanquished Creatures (collateral kills)
  Nergalle (D:11)
  A cyclops (D:11)
  An ogre (D:9)
  3 wights (D:11)
  2 orc wizards (D:9)
  4 orcs (D:9)
12 creatures vanquished.

Grand Total: 359 creatures vanquished

Notes
Turn   | Place    | Note
-------+----------+-------------------------------------------
     0 | D:1      | tognito the Minotaur Berserker began the quest for the Orb.
     0 | D:1      | Reached XP level 1. HP: 19/19 MP: 0/0
   150 | D:1      | Reached skill level 4 in Axes
   171 | D:1      | Reached XP level 2. HP: 20/26 MP: 1/1
   183 | D:1      | Gained mutation: You have large cloven feet. [potion of mutation]
   183 | D:1      | Gained mutation: Your spells are a little easier to cast, but a little less powerful. [potion of mutation]
   183 | D:1      | Gained mutation: You are covered in fur. (AC +1) [potion of mutation]
   704 | D:2      | Reached skill level 5 in Axes
   729 | D:2      | Reached ** piety under Trog
   821 | D:2      | Reached XP level 3. HP: 31/31 MP: 2/2
  1307 | D:3      | Noticed NorthaanB's ghost (amateur TeAE)
  1324 | D:3      | Killed NorthaanB's ghost
  1324 | D:3      | Reached skill level 7 in Axes
  1324 | D:3      | Reached XP level 4. HP: 33/39 MP: 3/3
  1324 | D:3      | Reached XP level 5. HP: 38/45 MP: 4/4
  1379 | D:3      | Found a snail-covered altar of Cheibriados.
  1445 | D:3      | Found a glowing drain.
  1465 | Sewer    | Entered a sewer
  1582 | Sewer    | Reached skill level 8 in Axes
  1612 | Sewer    | Reached *** piety under Trog
  1616 | Sewer    | Reached XP level 6. HP: 51/51 MP: 5/5
  2279 | D:3      | Found a faded altar of an unknown god.
  2334 | D:3      | Reached skill level 9 in Axes
  2629 | D:4      | Noticed Robin
  2637 | D:4      | Killed Robin
  2644 | D:4      | Reached **** piety under Trog
  2644 | D:4      | Reached XP level 7. HP: 57/57 MP: 6/6
  2850 | D:4      | Reached skill level 10 in Axes
  2910 | D:4      | Received a gift from Trog
  2984 | D:4      | Found a shattered altar of Ashenzari.
  3505 | D:5      | Entered Level 5 of the Dungeon
  3601 | D:5      | Found a large runed door.
  3601 | D:5      | Found a large runed door.
  3605 | D:5      | Found a large runed door.
  3605 | D:5      | Found a large runed door.
  3651 | D:5      | Found an ancient bone altar of Kikubaaqudgha.
  3675 | D:5      | Reached skill level 11 in Axes
  3704 | D:5      | Noticed Prince Ribbit
  3740 | D:5      | Killed Prince Ribbit
  3740 | D:5      | Reached XP level 8. HP: 36/64 MP: 3/7
  3858 | D:5      | Found a staircase to the Ecumenical Temple.
  3866 | D:5      | Noticed Ijyb
  3872 | D:5      | Killed Ijyb
  3971 | D:5      | Noticed a hippogriff
  3977 | D:5      | Reached skill level 12 in Axes
  3988 | D:5      | Killed a hippogriff
  4591 | D:5      | Reached skill level 13 in Axes
  4645 | D:6      | Found Lar Zara's Gadget Shoppe.
  4859 | D:6      | Noticed Menkaure
  4866 | D:6      | Killed Menkaure
  4873 | D:6      | Reached XP level 9. HP: 62/70 MP: 6/8
  5024 | D:6      | Reached skill level 14 in Axes
  5072 | D:6      | Reached skill level 1 in Evocations
  5623 | D:6      | Reached ***** piety under Trog
  5849 | D:7      | Reached skill level 15 in Axes
  6318 | D:7      | Noticed a two-headed ogre
  6328 | D:7      | Killed a two-headed ogre
  6328 | D:7      | Reached skill level 16 in Axes
  6328 | D:7      | Reached XP level 10. HP: 67/77 MP: 9/9
  6766 | D:8      | Noticed a two-headed ogre
  6771 | D:8      | Killed a two-headed ogre
  6771 | D:8      | Reached skill level 17 in Axes
  6818 | D:8      | Found a sparkling altar of Nemelex Xobeh.
  6844 | D:8      | Received a gift from Trog
  7101 | D:8      | Found a hide-covered altar of Uskayaw.
  7126 | D:8      | Noticed a dagger
  7127 | D:8      | Noticed a dagger
  7428 | D:9      | Noticed Grum
  7446 | D:9      | Killed Grum
  7788 | D:9      | Reached skill level 18 in Axes
  8008 | D:9      | Noticed Erolcha
  8018 | D:9      | Killed Erolcha
  8321 | D:9      | Found a staircase to the Orcish Mines.
  8368 | D:9      | Noticed a two-headed ogre
  8377 | D:9      | Killed a two-headed ogre
  8377 | D:9      | Reached XP level 11. HP: 38/82 MP: 10/10
  9086 | D:10     | Entered Level 10 of the Dungeon
  9107 | D:10     | Found a staircase to the Lair.
  9117 | D:10     | Reached skill level 19 in Axes
  9520 | D:10     | Killed an unseen horror
 10375 | D:11     | Noticed a purple ugly thing
 10386 | D:11     | Killed a purple ugly thing
 10386 | D:11     | Reached skill level 20 in Axes
 10895 | D:11     | Noticed a two-headed ogre
 10904 | D:11     | Killed a two-headed ogre
 10923 | D:11     | Noticed a green ugly thing
 10932 | D:11     | Killed a green ugly thing
 10972 | D:11     | Noticed Nergalle
 10982 | D:11     | Killed Nergalle
 10984 | D:11     | Reached skill level 21 in Axes
 11224 | D:11     | Reached XP level 12. HP: 60/90 MP: 11/11
 11729 | D:11     | Noticed Gastronok
 11739 | D:11     | Slain by an orc warrior

Skill      XL: |  1  2  3  4  5  6  7  8  9 10 11 |
---------------+----------------------------------+-----
Axes           | 4 5 7 8 9 11 13 16 18 21 | 21.7
Evocations     | 1 |  1.0
Fighting       | |  3.6
Armour         | |  2.4
Dodging        | |  2.1

Action                   |  1- 3 |  4- 6 |  7- 9 | 10-12 || total
-------------------------+-------+-------+-------+-------++-------
Melee: Hand axe          |    73 |   154 |   194 |       ||   421
       Kick              |     9 |    39 |    65 |    88 ||   201
       Headbutt          |     7 |    13 |    46 |    54 ||   120
       War axe           |       |       |    57 |   273 ||   330
       Battleaxe         |       |       |       |     8 ||     8
       Shortbow          |       |       |       |     1 ||     1
 Fire: Shortbow          |       |       |    88 |   198 ||   286
Invok: Trog's Hand       |     1 |     1 |       |     2 ||     4
       Burn Spellbooks   |       |     1 |     3 |       ||     4
       Brothers in Arms  |       |       |       |     4 ||     4
       Berserk           |       |       |       |     2 ||     2
Evoke: Wand              |       |     2 |       |     1 ||     3
       Lightning rod     |       |     1 |       |       ||     1
  Use: Potion            |     8 |     3 |     2 |     1 ||    14
       Scroll            |       |       |    13 |     3 ||    16
  Eat: Chunk             |     1 |     5 |    12 |    20 ||    38
Armor: Animal skin       |     6 |       |       |       ||     6
       Chain mail        |    10 |       |       |       ||    10
       Ice dragon scales |    20 |    87 |   130 |   166 ||   403
Dodge: Dodged            |    42 |    76 |   134 |   143 ||   395
Block: Other             |       |       |     8 |    39 ||    47
